Map: Zen LE

Players

HamiltonRC

  • Race: Terran Terran
  • League: Platinum
  • Spawn Location: 1:00

LowLinK - Winner!

  • Race: Protoss Protoss
  • League: Diamond
  • Spawn Location: 7:00

VOD

Have the link to the VOD?

Description

Time

  • Played on: Feb. 16, 2020, 2:20 p.m.
  • Length: 5:16
Show
View Real Time Build Order
Export as new Build Order

HamiltonRC Terran 

Build Orders:  

Get SALT Encoding   

  12  0:01  SCV  
  13  0:13  SCV  
  14  0:17  Supply Depot  
  14  0:25  SCV  
  15  0:39  SCV  
  15  0:40  Barracks  
  16  0:46  Refinery  
  16  0:51  SCV  
  17  1:03  SCV  
  18  1:15  SCV  
  19  1:27  SCV  
  20  1:39  Command Center  
  20  1:48  Reaper  
  20  1:51  Orbital Command  
  21  2:04  Supply Depot  
  21  2:15  Refinery  
  21  2:16  SCV  
  22  2:26  Bunker, Barracks Reactor  
  22  2:27  Factory  
  22  2:30  SCV  
  23  2:42  SCV  
  24  2:54  SCV  
  24  2:57  Orbital Command  
  25  3:01  Engineering Bay  
  25  3:06  SCV  
  25  3:07  Marine x2  
  25  3:11  Factory Tech Lab  
  28  3:16  Starport  
  28  3:19  SCV  
  29  3:29  Marine x2  
  31  3:38  Siege Tank  
  35  3:41  SCV  
  35  3:42  SCV  
  35  3:47  Marine  
  37  3:52  Marine  
  37  3:59  Refinery  
  37  4:04  Marine  
  37  4:09  Marine  
  38  4:10  Siege Tank  
  38  4:12  Barracks  
  42  4:21  SCV x2  
  42  4:22  Marine  
  45  4:27  Marine, Supply Depot  
  45  4:33  SCV x2  
  42  4:40  Marine  
  42  4:45  Marine  
  31  4:58  Marine  
Show
View Real Time Build Order
Export as new Build Order

LowLinK Protoss - Winner!

Build Orders:  

Get SALT Encoding   

  12  0:01  Probe  
  13  0:13  Probe  
  14  0:18  Pylon  
  14  0:25  Probe  
  15  0:37  Gateway  
  15  0:38  Probe (Chrono Boost)  
  16  0:48  Probe (Chrono Boost)  
  17  0:50  Assimilator  
  17  0:53  Probe (Chrono Boost)  
  17  0:56  Assimilator  
  18  1:04  Probe  
  19  1:16  Probe  
  20  1:24  Cybernetics Core  
  20  1:25  Pylon  
  20  1:28  Probe  
  21  1:40  Pylon  
  21  1:43  Probe  
  22  1:59  Gateway  
  22  2:00  Warp Gate (Chrono Boost)  
  22  2:01  Pylon  
  22  2:02  Probe  
  22  2:05  Stalker  
  25  2:32  Gateway  
  25  2:37  Gateway  
  25  2:41  Gateway  
  25  2:59  Sentry (Chrono Boost)  
  27  3:16  Adept  
  29  3:38  Stalker  
  31  3:53  Stalker x3  
  37  3:57  Probe  
  37  4:01  Stalker  
  40  4:09  Probe  
  39  4:13  Sentry  
  39  4:16  Stalker x2  
  39  4:17  Stalker  
  47  4:22  Pylon  
  39  4:42  Stalker x3  
  43  4:47  Sentry  
  39  5:08  Stalker  
  39  5:09  Stalker  
  39  5:13  Zealot  
  39  5:14  Zealot  
Tags
 
Add a new tag
Caveats
  • Supply blocks, unpowered buildings, or Contaminate may cause inaccurate times.
  • Supply counts are checked every 10 seconds.